 Dungeon Crawl Stone Soup version 0.21-a0-344-g2144152 (webtiles) character file.

100 Amnesiac the Destroyer (level 4, -3/32 HPs)
             Began as a Gnoll Conjurer on Oct 4, 2017.
             Slain by an orc
             ... wielding a +0 short sword
              (5 damage)
             ... on level 2 of the Dungeon.
             The game lasted 00:02:05 (1167 turns).

Amnesiac the Destroyer (Gnoll Conjurer)             Turns: 1167, Time: 00:02:06

Health: -3/32      AC:  2    Str: 10    XL:     4   Next: 73%
Magic:  1/11       EV: 15    Int: 24    God:
Gold:   92         SH:  0    Dex: 15    Spells: 8/13 levels left

rFire    . . .     SeeInvis .     - Unarmed
rCold    . . .     Gourm    .   (no shield)
rNeg     . . .     Faith    .   a - +0 robe
rPois    .         Spirit   .   (no helmet)
rElec    .         Reflect  .   (no cloak)
rCorr    .         Harm     .   (no gloves)
MR       .....                  (no boots)
Stlth    +++.......             (no amulet)
HPRegen  0.10/turn              (no ring)
MPRegen  0.12/turn              (no ring)

@: brilliant, about to teleport, flying, very slightly contaminated
A: distributed training, fangs 1, strong nose
a: no special abilities


You were on level 2 of the Dungeon.
You were hungry.

You visited 1 branch of the dungeon, and saw 3 of its levels.

You collected 92 gold pieces.

Inventory:

Missiles
 d - 2 throwing nets
Armour
 a - a +0 robe (worn)
Scrolls
 k - a scroll of enchant armour {!r}
Books
 b - a book of Conjurations

   Spells                             Type                      Level
   a - Magic Dart                     Conjuration                  1
   b - Searing Ray                    Conjuration                  2
   c - Dazzling Spray                 Conjuration/Hexes            3
   d - Fulminant Prism                Conjuration/Hexes            4
   e - Force Lance                    Conjuration/Translocation    4
   f - Iskenderun's Mystic Blast      Conjuration                  4
Comestibles
 c - a bread ration
 f - 2 royal jellies
 h - a fruit


   Skills:
 + Level 1.2 Fighting
 + Level 1.2 Short Blades
 + Level 1.2 Long Blades
 + Level 1.2 Axes
 + Level 1.2 Maces & Flails
 + Level 1.2 Polearms
 + Level 1.2 Staves
 + Level 1.2 Slings
 + Level 1.2 Bows
 + Level 1.2 Crossbows
 + Level 1.2 Throwing
 + Level 1.2 Armour
 + Level 4.6 Dodging
 + Level 4.3 Stealth
 + Level 1.2 Shields
 + Level 1.2 Unarmed Combat
 + Level 5.1 Spellcasting
 + Level 8.6 Conjurations
 + Level 1.2 Hexes
 + Level 1.2 Charms
 + Level 1.2 Summonings
 + Level 1.2 Necromancy
 + Level 1.2 Translocations
 + Level 1.2 Transmutations
 + Level 1.2 Fire Magic
 + Level 1.2 Ice Magic
 + Level 1.2 Air Magic
 + Level 1.2 Earth Magic
 + Level 1.2 Poison Magic
 + Level 1.2 Invocations
 + Level 1.2 Evocations


You had 8 spell levels left.
You knew the following spells:

 Your Spells              Type           Power        Failure   Level  Hunger
a - Magic Dart            Conj           ####         1%          1    None
s - Fulminant Prism       Conj/Hex       #####.....   1%          4    ####...


Dungeon Overview and Level Annotations

Branches:
Dungeon (3/15)

Altars:


Innate Abilities, Weirdness & Mutations

Your experience applies equally to all skills.
You have very sharp teeth.
Your uncanny sense of smell can sniff out nearby items.


Message History

Things that are here:
a club; a ring mail The orc priest invokes the aid of Beogh against you.
Pain shoots through your body!
The orc wizard mumbles some strange words.
The orc wizard flickers and vanishes!
Deactivating autopickup; reactivate with Ctrl-A.
There is a stone staircase leading up here.
You see here 2 stones.
The orc priest calls down the wrath of Beogh upon you.
Beogh smites you!
* * * LOW HITPOINT WARNING * * *
In your confused state, you trip and fall back down the stairs.
* * * LOW HITPOINT WARNING * * *
In your confused state, you trip and fall back down the stairs.
* * * LOW HITPOINT WARNING * * *
You feel less confused. The orc misses you. The orc priest closely misses you.
You climb upwards.
There is a stone staircase leading down here.
Casting: Fulminant Prism
Confirm with . or Enter, or press ? or * to list all spells.
Aiming: Fulminant Prism
Press: ? - help, Dir - move target cursor You miscast Fulminant Prism.
The light around you dims momentarily. The orc closely misses you.
The orc priest hits you with a short sword.
* * * LOW HITPOINT WARNING * * *
Really quaff
g - a blue potion {!q}?
It was a potion of brilliance {!q}.
You feel clever all of a sudden. The orc hits you with a short sword.
* * * LOW HITPOINT WARNING * * *
The orc priest barely misses you.
Really quaff
e - a murky puce potion {!q}?
It was a potion of flight {!q}.
You feel very buoyant.
You fly up into the air.
The orc closely misses you. The orc priest barely misses you.
Really read
j - a scroll labeled SIGOILI KOPS {!r}?
As you read the scroll labeled SIGOILI KOPS {!r}, it crumbles to dust.
It is a scroll of identify.
k - a scroll of enchant armour {!r} The orc hits you with a short sword.
* * * LOW HITPOINT WARNING * * *
The orc priest completely misses you.
Really read
i - a scroll labeled XESEMEA XUTWO {!r}?
As you read the scroll labeled XESEMEA XUTWO {!r}, it crumbles to dust.
You feel strangely unstable.
It was a scroll of teleportation {!r}.
The orc misses you. The orc priest closely misses you.
You aren't carrying any potions.
Okay, then.
Casting: Fulminant Prism
Confirm with . or Enter, or press ? or * to list all spells.
Okay, then.
You hit the orc priest.
The orc priest is heavily wounded.
The orc hits you but does no damage.
The orc priest hits you with a short sword.
* * * LOW HITPOINT WARNING * * *
You hit the orc priest but do no damage.
The orc priest is heavily wounded.
The orc hits you with a short sword.
You die...

##########.#.#.#.##.######.#
.............#.#.##.######.#
#####.<..#.###.#.##.#......#
...##.##.#.# #.#.##.#.######
#.....##.#.# #.#.##.#.#
#.....##.#.###.#.##.#.#
#.....##.#.....#)##...#
#..............#o####.#
#....###.#..##.#@# #.#
.........#.....#o# #.#
#....#####...###.# #.#
...............).# #.#
.##########.###### #.#
............####### #.#
########..........###.###########
#....................#.........#
#.#####..........##..#.#######.#


You could see an orc priest and an orc.

Vanquished Creatures
  4 gnolls
  2 adders
  3 dart slugs
  A leopard gecko (D:3)
  3 orcs
  A giant cockroach (D:3)
  3 goblins
  3 hobgoblins
  6 kobolds
  7 bats (D:1)
  4 rats
37 creatures vanquished.

Notes
Turn   | Place    | Note
-------+----------+-------------------------------------------
     0 | D:1      | Amnesiac the Gnoll Conjurer began the quest for the Orb.
     0 | D:1      | Reached XP level 1. HP: 13/13 MP: 6/6
     6 | D:1      | Noticed a worker ant
     6 | D:1      | Noticed a komodo dragon
     7 | D:1      | Noticed a yaktaur captain
    52 | D:1      | Reached XP level 2. HP: 19/19 MP: 3/7
   414 | D:1      | Reached XP level 3. HP: 25/25 MP: 5/9
   729 | D:3      | Reached skill level 5 in Spellcasting
   828 | D:2      | Reached skill level 1 in Fighting
   828 | D:2      | Reached skill level 1 in Short Blades
   828 | D:2      | Reached skill level 1 in Long Blades
   828 | D:2      | Reached skill level 1 in Axes
   828 | D:2      | Reached skill level 1 in Maces & Flails
   828 | D:2      | Reached skill level 1 in Polearms
   828 | D:2      | Reached skill level 1 in Staves
   828 | D:2      | Reached skill level 1 in Slings
   828 | D:2      | Reached skill level 1 in Bows
   828 | D:2      | Reached skill level 1 in Crossbows
   828 | D:2      | Reached skill level 1 in Throwing
   828 | D:2      | Reached skill level 1 in Armour
   828 | D:2      | Reached skill level 1 in Shields
   828 | D:2      | Reached skill level 1 in Unarmed Combat
   828 | D:2      | Reached skill level 1 in Hexes
   828 | D:2      | Reached skill level 1 in Charms
   828 | D:2      | Reached skill level 1 in Summonings
   828 | D:2      | Reached skill level 1 in Necromancy
   828 | D:2      | Reached skill level 1 in Translocations
   828 | D:2      | Reached skill level 1 in Transmutations
   828 | D:2      | Reached skill level 1 in Fire Magic
   828 | D:2      | Reached skill level 1 in Ice Magic
   828 | D:2      | Reached skill level 1 in Air Magic
   828 | D:2      | Reached skill level 1 in Earth Magic
   828 | D:2      | Reached skill level 1 in Poison Magic
   828 | D:2      | Reached skill level 1 in Invocations
   828 | D:2      | Reached skill level 1 in Evocations
   828 | D:2      | Reached XP level 4. HP: 23/32 MP: 4/11
  1136 | D:3      | Learned a level 4 spell: Fulminant Prism
  1167 | D:2      | Slain by an orc

Vault maps used:
D:1:      onia_arrival_zoo_common, minmay_bisected
D:3:      first_bread

Skill      XL: |  1  2  3 |
---------------+----------+-----
Spellcasting   | 5 |  5.1
Fighting       | 1 |  1.2
Short Blades   | 1 |  1.2
Long Blades    | 1 |  1.2
Axes           | 1 |  1.2
Maces & Flails | 1 |  1.2
Polearms       | 1 |  1.2
Staves         | 1 |  1.2
Slings         | 1 |  1.2
Bows           | 1 |  1.2
Crossbows      | 1 |  1.2
Throwing       | 1 |  1.2
Armour         | 1 |  1.2
Shields        | 1 |  1.2
Unarmed Combat | 1 |  1.2
Hexes          | 1 |  1.2
Charms         | 1 |  1.2
Summonings     | 1 |  1.2
Necromancy     | 1 |  1.2
Translocations | 1 |  1.2
Transmutations | 1 |  1.2
Fire Magic     | 1 |  1.2
Ice Magic      | 1 |  1.2
Air Magic      | 1 |  1.2
Earth Magic    | 1 |  1.2
Poison Magic   | 1 |  1.2
Invocations    | 1 |  1.2
Evocations     | 1 |  1.2
Dodging        | |  4.6
Stealth        | |  4.3
Conjurations   | |  8.6

Action                   |  1- 3 |  4- 6 || total
-------------------------+-------+-------++-------
Melee: Unarmed           |       |     2 ||     2
 Cast: Magic Dart        |    55 |    24 ||    79
  Use: Scroll            |       |     2 ||     2
       Potion            |       |     2 ||     2
Armor: Robe              |     2 |       ||     2
Dodge: Dodged            |    15 |    24 ||    39

Table legend:
 A = Spawn XP
 B = Non-spawn XP
 C = Spawn XP percentage of total XP
 D = Spawn monster count
 E = Non-spawn monster count
 F = Spawn count percentage of total count
 G = Total turns spent on level
                    A         B        C        D         E        F      G
               +---------+---------+-------+---------+---------+-------+---------
         Total |       0 |     143 |   0.0 |       0 |      37 |   0.0 |  1167
               +---------+---------+-------+---------+---------+-------+---------
           D:1 |       0 |      34 |   0.0 |       0 |      19 |   0.0 |   419
           D:2 |       0 |      48 |   0.0 |       0 |       7 |   0.0 |   613
           D:3 |       0 |      61 |   0.0 |       0 |      11 |   0.0 |   135
               +---------+---------+-------+---------+---------+-------+---------
